 Dungeon Crawl Stone Soup version 0.29-a0-911-g88e6f02907 (webtiles) character file.

Game seed: 15575648113126850573

4 kae the Trooper (level 1, -2/18 HPs)
             Began as a Demonspawn Monk on July 25, 2022.
             Frozen to death by an endoplasm (5 damage)
             ... on level 1 of the Dungeon.
             The game lasted 00:00:06 (304 turns).

kae the Trooper (Demonspawn Monk)                    Turns: 304, Time: 00:00:06

Health: -2/18      AC:  2    Str: 11    XL:     1   Next: 50%
Magic:  1/1        EV: 12    Int: 11    God:
Gold:   0          SH:  0    Dex: 15    Spells: 0/0 levels left

rFire   . . .      SeeInvis .     - Unarmed
rCold   . . .      Faith    .   (no shield)
rNeg    . . .      Spirit   .   a - +0 robe
rPois   .          Reflect  .   (no helmet)
rElec   .          Harm     .   (no cloak)
rCorr   .          Rampage  .   (no gloves)
Will    .....                   (no boots)
Stlth   ++........              (no amulet)
HPRegen 0.06/turn               (no ring)
MPRegen 0.07/turn               (no ring)

@: no status effects
A: no striking features
a: no special abilities


You were on level 1 of the Dungeon.
You visited 1 branch of the dungeon, and saw 1 of its levels.


   Skills:
 - Level 3.0 Fighting
 - Level 2.6 Dodging
 - Level 1.7 Stealth
 + Level 3.0 Unarmed Combat


You couldn't memorise any spells.
You didn't know any spells.
Your spell library was empty.

Inventory:

Armour
 a - a +0 robe (worn)
Scrolls
 c - a scroll of torment {unknown}
 d - a scroll of teleportation {unknown}
 e - a scroll of poison {unknown}
Potions
 b - a potion of ambrosia

Dungeon Overview and Level Annotations

Branches:
Dungeon (1/15) Zot: 5695

Altars:

#. #.# #. . ... #. ..
#.# #. ... #.# #.####.
.... #.####### #......
.....##.##....#########.
......J..+..............
######@##....#########.
......†>...........## #.
............##...#..###.
##########.......+......
..............##.###.
.......?......+......
###...........##..##.
#............###.##.
#............#......


You could see an endoplasm.


Message History

✅ Successfully initialized magus.rc [v1.11.3] Welcome, kae the Demonspawn Monk.
Below lies the Orb of Zot, rumoured to be powerful enough to resurrect a god...
Press ? for a list of commands and other information.
Found a staircase leading out of the dungeon.
You open the door.
There is an open door here.
You open the door.
A rat comes into view.
A rat is nearby!
A rat is nearby!
Found a stone staircase leading down.
There is an open door here.
You hit the rat.
You kill the rat!
You see here a rat corpse.
You see here a +0 spear.
Key pressed, stopping explore.
No target in view!
No target in view!
No target in view!
No target in view!
You see here a +0 spear.
There is a stone staircase leading down here.
Key pressed, stopping explore.
No target in view!
No target in view!
c - a scroll labelled FEJUSUKOJEA;
d - a scroll labelled ACSAUKKYAG No target in view!
No target in view!
Found a stone staircase leading down.
e - a scroll labelled EREYSIZIRA No target in view!
No target in view!
A giant cockroach comes into view.
A giant cockroach is nearby!
A hobgoblin and a ball python come into view.
The hobgoblin shouts!
An endoplasm comes into view.
The hobgoblin moves out of view.
There are monsters nearby!
The giant cockroach bites you.
You hit the giant cockroach.
The giant cockroach completely misses you.
The ball python misses you.
The ball python barely misses you. 😕 HP[-1]
You take 1 damage, and now have 17/18 hp.
There are monsters nearby!
You hit the giant cockroach.
You kill the giant cockroach!
The ball python bites you but does no damage.
The ball python barely misses you.
You hit the hobgoblin but do no damage. The hobgoblin misses you.
The ball python bites you but does no damage.
The ball python grabs you.
The ball python constricts you. 😕 HP[-1]
You take 1 damage, and now have 16/18 hp.
You hit the ball python. The hobgoblin hits you.
The ball python bites you but does no damage.
The ball python constricts you.
You hit the ball python.
You kill the ball python!
The hobgoblin closely misses you. 😮 HP[-3]
You take 3 damage, and now have 13/18 hp.
You hit the hobgoblin but do no damage. The hobgoblin hits you.
* * * LOW HITPOINT WARNING * * *
You are too injured to fight recklessly! 😨 HP[-4]
You take 4 damage, and now have 9/18 hp.
MASSIVE DAMAGE!! (PAUSE)
You barely miss the hobgoblin. The hobgoblin hits you.
* * * LOW HITPOINT WARNING * * *
😨 HP[-2]
You take 2 damage, and now have 7/18 hp.
You hit the hobgoblin.
You kill the hobgoblin!
Your Unarmed Combat skill increases to level 3!
You barely miss the endoplasm. The endoplasm freezes you.
You are frozen.
* * * LOW HITPOINT WARNING * * *
😨 HP[-2]
You take 2 damage, and now have 5/18 hp.
You hit the endoplasm but do no damage. The endoplasm misses you.
You hit the endoplasm. The endoplasm hits you.
* * * LOW HITPOINT WARNING * * *
😱 HP[-1]
You take 1 damage, and now have 4/18 hp.
You hit the endoplasm.
You punch the endoplasm, but do no damage.
The endoplasm hits you.
* * * LOW HITPOINT WARNING * * *
😱 HP[-1]
You take 1 damage, and now have 3/18 hp.
You hit the endoplasm. The endoplasm freezes you.
You are frozen.
You die...

Skill      XL: |  1 |
---------------+----+-----
Unarmed Combat | 3 |  3.0
Fighting       | |  3.0
Dodging        | |  2.6
Stealth        | |  1.7

Action                   || total
-------------------------++-------
Melee: Unarmed           ||    14
       Punch             ||     1
Armor: Robe              ||     3
Dodge: Dodged            ||     7

Levels and vault maps discovered:
D:1:      wander_arrival_chamber, layout_basic, minmay_bisected

Notes
Turn   | Place    | Note
-------+----------+-------------------------------------------
     0 | D:1      | kae the Demonspawn Monk began the quest for the Orb.
     0 | D:1      | Reached XP level 1. HP: 18/18 MP: 1/1
     0 | D:1      | magus.rc [v1.11.3]
   300 | D:1      | Reached skill level 3 in Unarmed Combat
   302 | D:1      | HP: 4/18 [endoplasm (1)]
   304 | D:1      | Frozen to death by an endoplasm

Vanquished Creatures
  A giant cockroach (D:1)
  A hobgoblin (D:1)
  A ball python (D:1)
  A rat (D:1)
4 creatures vanquished.

Table legend:
 A = Non-vault XP
 B = Vault XP
 C = Vault XP percentage of total XP
 D = Non-vault monster count
 E = Vault monster count
 F = Vault count percentage of total count
                 A         B        C        D         E       F
            +---------+---------+-------+---------+---------+-------
      Total |       6 |       0 |   0.0 |       4 |       0 |   0.0
            +---------+---------+-------+---------+---------+-------
        D:1 |       6 |       0 |   0.0 |       4 |       0 |   0.0
            +---------+---------+-------+---------+---------+-------

Illustrated notes

Table legend:
 A = Kills in this place as a percentage of kills in entire the game.
 B = Kills by you in this place as a percentage of kills by you in the entire game.
 C = Kills by friends in this place as a percentage of kills by friends in the entire game.
 D = Other kills in this place as a percentage of other kills in the entire game.
 E = Experience gained in this place as a percentage of experience gained in the entire game.
 F = Experience gained in this place divided by the number of levels of this place that you have seen.
                   A       B       C       D       E      F
               +-------+-------+-------+-------+-------+----------------------
         Total | 100.0 | 100.0 |   N/A |   N/A | 100.0 |   6.0
       Dungeon | 100.0 | 100.0 |   N/A |   N/A | 100.0 |   6.0
               +-------+-------+-------+-------+-------+----------------------

Table legend: (Time is in decaauts)
 A = Elapsed time spent in this place.
 B = Non-inter-level travel time spent in this place.
 C = Inter-level travel time spent in this place.
 D = Time resting spent in this place.
 E = Time spent auto-exploring this place.
 F = Levels seen in this place.
 G = Mean time per level.
                   A        B        C        D        E       F      G
               +--------+--------+--------+--------+--------+-----+--------+
         Total |    303 |    303 |      0 |      0 |    280 |   1 |  303.0 |
       Dungeon |    303 |    303 |      0 |      0 |    280 |   1 |  303.0 |
               +--------+--------+--------+--------+--------+-----+--------+

Top non-repeatable levels by time:
     D:1: 303 daAuts
